 Dungeon Crawl Stone Soup version 0.25.0-9-g26727b6 (webtiles) character file.

Game seed: 18284161518926402890

9408 BecksGhost the Basher (level 11, -3/68 HPs)
             Began as a Gargoyle Fighter on June 19, 2020.
             Was an Elder of Ru.
             Slain by Sonja
             ... wielding a +3 short sword of distortion
              (10 damage)
             ... on level 11 of the Dungeon.
             The game lasted 00:28:07 (10214 turns).

BecksGhost the Basher (Gargoyle Fighter)           Turns: 10214, Time: 00:28:07

Health: -3/68      AC: 27    Str: 23    XL:     11   Next: 46%
Magic:  11/11      EV:  1    Int: 15    God:    Ru [****..]
Gold:   387        SH: 12    Dex: 13    Spells: 10/10 levels left

rFire    . . .     SeeInvis .   v - +2 flail (protect)
rCold    . . .     Gourm    .   c - +0 kite shield
rNeg     + . .     Faith    .   u - +0 plate armour
rPois    ∞         Spirit   .   z - +0 helmet
rElec    +         Reflect  .   F - +2 cloak
rCorr    .         Harm     .   (no gloves)
MR       +....                  k - +0 pair of boots
Stlth    ..........             j - amulet of regeneration
HPRegen  0.61/turn              t - ring of protection from magic
MPRegen  0.12/turn              s - ring "Fearac" {Int+6 Dex+4}

@: very slightly contaminated
A: negative energy resistance 1, electricity resistance, unbreathing,
petrification resistance, rot immunity, inability to use devices, reduced EV 1,
disrupted magic 1, AC +8
a: Draw Out Power, Power Leap, Renounce Religion


You were on level 11 of the Dungeon.
You worshipped Ru.
Ru was greatly pleased with you.
You were not hungry.

You visited 1 branch of the dungeon, and saw 11 of its levels.
You visited the Abyss 2 times.

You collected 562 gold pieces.
You spent 175 gold pieces at shops.

Inventory:

Hand Weapons
 a - a +0 flail
 b - a cursed +4 dire flail
 o - a +0 whip
 v - a +2 flail of protection (weapon)
 w - a +0 morningstar
Armour
 c - a +0 kite shield (worn)
 k - a +0 pair of boots (worn)
 u - a +0 plate armour (worn)
 z - a +0 helmet (worn)
 A - a +0 tower shield
 F - a +2 cloak (worn)
Jewellery
 j - an amulet of regeneration (around neck)
 s - the ring "Fearac" (right hand) {Int+6 Dex+4}
   (You found it on level 4 of the Dungeon)

   [ring of intelligence]

   It affects your intelligence (+6).
   It affects your dexterity (+4).
 t - a ring of protection from magic (left hand)
 B - an uncursed ring of positive energy
Scrolls
 e - 7 scrolls of teleportation
 l - 3 scrolls of remove curse
 m - a scroll of blinking
 n - 3 scrolls of enchant weapon
 p - 5 scrolls of identify
 r - 3 scrolls of enchant armour
 y - a scroll of magic mapping {unknown}
 D - 3 scrolls of immolation {unknown}
 E - a scroll of amnesia {unknown}
Potions
 d - 4 potions of stabbing
 g - 6 potions of curing
 h - a potion of brilliance
 i - 3 potions of flight
 x - a potion of invisibility
Comestibles
 f - 22 rations


   Skills:
 + Level 8.1 Fighting
 + Level 11.6 Maces & Flails
 + Level 8.0 Armour
 + Level 10.7 Shields


You had 10 spell levels left.
You didn't know any spells.
Your spell library contained the following spells:

 Spells                   Type           Power        Failure   Level  Hunger
 Shock                    Conj/Air       #...         100%        1    ##.....
 Swiftness                Chrm/Air       #.......     100%        2    ###....
 Static Discharge         Conj/Air       #.......     100%        3    ####...
 Airstrike                Air            #.........   100%        4    #####..
 Lightning Bolt           Conj/Air       #.........   100%        5    ######.


Dungeon Overview and Level Annotations

Branches:
Dungeon (11/15)            Temple (0/1) D:5            Lair (0/6) D:10
    Orc: D:9-12

Altars:
Hepliaklqana
Kikubaaqudgha
Okawaru
Ru
Uskayaw

Shops:
D:6 ?   D:9 *   D:11 !

Annotations:
D:10 2 runed translucent doors, Sin92's ghost, novice DsFi
D:11 Sonja


Innate Abilities, Weirdness & Mutations

You are resistant to torment.
Your stone body is resilient. (AC +8)
You are immune to poison.
You resist negative energy. (rN+)
You are resistant to electric shocks. (rElec)
You can survive without breathing.
You are immune to petrification.
You are immune to rotting.
You cannot study or use magical devices.
You have somewhat slow reflexes. (EV -5)
Your casting is slightly disrupted.


Message History

A deafening chorus of shrieks assaults your mind!
* * * LOW HITPOINT WARNING * * *
The demonic plant burns!
The demonic plant is destroyed!
The brown very ugly thing kicks the demonic plant!
The demonic plant is splashed with acid.
The acid corrodes the demonic plant!
The brown very ugly thing punches the bush!
The bush is splashed with acid.
The acid corrodes the bush!
The large abomination hits the demonic plant!
The demonic plant is destroyed!
The small abomination hits the demonic plant!
A deafening chorus of shrieks assaults your mind!
* * * LOW HITPOINT WARNING * * *
You pass through the gate.
Welcome back to the Dungeon!
Level annotation: Sonja You block Sonja's attack.
Sonja hits you but does no damage. Space warps horribly around you!
You die...

##. #..#.#
.###.###.÷#.#
<^.........#
##.#.....#
#...#.#.#
.###.......#
............#
.......##.##...#
#.###.###♣@#
...# #
.......K.......
###.##♣∩♣####...
#. #. #♣


You could see Sonja.

Vanquished Creatures
  Fannar (D:10)
  Erica (D:10)
  2 unseen horrors (D:10)
  Maurice (D:11)
  A gargoyle (D:10)
  Psyche (D:10)
  A queen bee (D:8)
  A wraith (D:11)
  A hungry ghost (D:11)
  Duvessa (D:5)
  6 orc warriors
  3 ice beasts
  A black bear (D:6)
  A necrophage (D:10)
  3 ogres
  3 centaurs
  A wolf (D:10)
  A crocodile (D:8)
  An elf zombie (D:10)
  7 bullfrogs
  A wyvern zombie (D:10)
  Dowan (D:5)
  An elf skeleton (D:10)
  2 scorpions
  13 killer bees
  6 wights
  A howler monkey (D:5)
  2 electric eels (D:10)
  A bullfrog zombie (D:6)
  5 crimson imps
  2 centaur zombies
  A quasit (D:7)
  8 hounds
  2 human zombies (D:10)
  4 jellies
  10 orc wizards
  5 orc priests
  A centaur skeleton (D:6)
  A bullfrog skeleton (D:6)
  Terence (D:2)
  5 iguanas
  Natasha (thrice) (D:4)
  2 human skeletons (D:10)
  7 worker ants
  A killer bee zombie (D:7)
  A hound zombie (D:5)
  2 hound skeletons (D:5)
  3 mummies (D:10)
  Robin (D:2)
  8 adders
  4 gnolls
  3 shadow imps
  An ooze (D:1)
  2 adder zombies
  A worm (D:2)
  3 dart slugs
  9 leopard geckos
  54 orcs
  2 ball pythons
  5 bats
  6 giant cockroaches
  7 hobgoblins
  2 jackals (D:5)
  6 quokkas
  7 frilled lizards
  10 goblins
  7 kobolds
  A quokka skeleton (D:5)
  6 rats
275 creatures vanquished.

Vanquished Creatures (others)
  A troll (D:10)
  A raiju (Abyss:1)
  An orc warrior (D:6)
  A killer bee (D:8)
  A hound (D:10)
  A worker ant (D:11)
  An orc wizard (D:11)
  A bush (Abyss:1)
  4 demonic plants (Abyss:1)
  2 starspawn tentacles (Abyss:1)
14 creatures vanquished.

Grand Total: 289 creatures vanquished

Notes
Turn   | Place    | Note
-------+----------+-------------------------------------------
     0 | D:1      | BecksGhost the Gargoyle Fighter began the quest for the
                  | Orb.
     0 | D:1      | Reached XP level 1. HP: 14/14 MP: 1/1
   353 | D:1      | Reached XP level 2. HP: 19/19 MP: 2/2
   985 | D:1      | Reached XP level 3. HP: 23/23 MP: 3/3
  1351 | D:2      | Found a hide-covered altar of Uskayaw.
  1448 | D:2      | Reached XP level 4. HP: 19/28 MP: 4/4
  1608 | D:2      | Noticed Robin
  1643 | D:2      | Killed Robin
  1766 | D:2      | Noticed Terence
  1797 | D:2      | Killed Terence
  1797 | D:2      | Reached skill level 3 in Maces & Flails
  1855 | D:2      | You fall into a shaft and drop 1 floor!
  1930 | D:2      | Reached XP level 5. HP: 33/33 MP: 5/5
  2376 | D:3      | Found a sacrificial altar of Ru.
  2392 | D:3      | Reached skill level 5 in Shields
  2395 | D:3      | Became a worshipper of Ru the Awakened
  2564 | D:3      | Reached XP level 6. HP: 31/38 MP: 6/6
  2569 | D:3      | Reached skill level 4 in Maces & Flails
  3250 | D:4      | Noticed Natasha
  3307 | D:4      | Killed Natasha
  3307 | D:4      | Reached XP level 7. HP: 19/43 MP: 7/7
  3594 | D:4      | Noticed Natasha
  3605 | D:4      | Killed Natasha
  3627 | D:4      | Reached skill level 5 in Maces & Flails
  3631 | D:4      | Noticed Natasha
  3654 | D:4      | Killed Natasha
  3714 | D:4      | Got a fine copper ring
  4098 | D:5      | Entered Level 5 of the Dungeon
  4219 | D:5      | Reached XP level 8. HP: 38/48 MP: 8/8
  4227 | D:5      | Reached skill level 6 in Maces & Flails
  4274 | D:5      | Found a staircase to the Ecumenical Temple.
  4412 | D:5      | Noticed Duvessa
  4506 | D:5      | Reached skill level 5 in Armour
  4645 | D:5      | Noticed Dowan
  4661 | D:5      | Killed Duvessa
  4671 | D:5      | Reached skill level 5 in Fighting
  4680 | D:5      | Killed Dowan
  4690 | D:5      | Reached skill level 7 in Maces & Flails
  5070 | D:5      | Found a hazy altar of Hepliaklqana.
  5076 | D:5      | Gained mutation: You have somewhat slow reflexes. (EV -5)
                  | [Ru sacrifice]
  5076 | D:5      | Reached * piety under Ru
  5243 | D:6      | Reached XP level 9. HP: 50/54 MP: 9/9
  5363 | D:6      | Found an iron altar of Okawaru.
  5521 | D:6      | Identified the ring "Fearac" {Int+6 Dex+4} (You found it on
                  | level 4 of the Dungeon)
  5559 | D:6      | Reached skill level 8 in Maces & Flails
  5657 | D:6      | Found Dodugg's Magic Scroll Shop.
  5666 | D:6      | Bought a scroll of enchant weapon for 82 gold pieces
  5666 | D:6      | Bought a scroll of random uselessness for 11 gold pieces
  5666 | D:6      | Bought a scroll of enchant armour for 82 gold pieces
  6862 | D:7      | Gained mutation: You cannot study or use magical devices.
                  | [Ru sacrifice]
  6862 | D:7      | Reached ** piety under Ru
  6862 | D:7      | Reached *** piety under Ru
  6879 | D:7      | Reached skill level 9 in Maces & Flails
  7017 | D:8      | Reached XP level 10. HP: 49/61 MP: 10/10
  8026 | D:9      | Found Goizinne's General Store.
  8228 | D:10     | Entered Level 10 of the Dungeon
  8266 | D:10     | Noticed an unseen horror
  8270 | D:10     | Killed an unseen horror
  8270 | D:10     | Reached skill level 10 in Maces & Flails
  8278 | D:10     | Noticed an unseen horror
  8279 | D:10     | Killed an unseen horror
  8279 | D:10     | Reached skill level 10 in Shields
  8363 | D:10     | Gained mutation: Your casting is slightly disrupted. [Ru
                  | sacrifice]
  8363 | D:10     | Reached **** piety under Ru
  8371 | D:10     | Found a staircase to the Lair.
  8414 | D:10     | Noticed Erica
  8519 | D:10     | Killed Erica
  8519 | D:10     | Reached XP level 11. HP: 51/67 MP: 11/11
  8657 | D:10     | Found a runed translucent door.
  8667 | D:10     | Noticed Psyche
  8673 | D:10     | Paralysed by Psyche for 7 turns
  8677 | D:10     | Cast into level 1 of the Abyss (Psyche)
  8731 | Abyss:1  | Found a roughly hewn altar of Beogh.
  8732 | Abyss:1  | Noticed a wretched star
  8733 | D:10     | Escaped the Abyss
  8742 | D:10     | Killed Psyche
  8742 | D:10     | Reached skill level 11 in Maces & Flails
  8758 | D:10     | Noticed Sin92's ghost (novice DsFi)
  8795 | D:10     | Found an ancient bone altar of Kikubaaqudgha.
  8923 | D:10     | Noticed a skeletal warrior
  8935 | D:10     | Noticed a necromancer
  8937 | D:10     | Noticed an ettin
  8938 | D:10     | Noticed a lich
  8938 | D:10     | Noticed a skeletal warrior
  8962 | D:10     | Noticed a skeletal warrior
  8963 | D:10     | Noticed a skeletal warrior
  8967 | D:10     | Found a runed translucent door.
  9056 | D:10     | Noticed Fannar
  9343 | D:10     | Killed Fannar
  9631 | D:10     | Noticed a fire dragon
  9664 | D:11     | Noticed Maurice
  9683 | D:11     | Killed Maurice
  9952 | D:11     | Found Podel's Distillery.
  9962 | D:11     | Noticed Sonja
  9967 | D:11     | Cast into level 1 of the Abyss (Sonja)
  9984 | Abyss:1  | Noticed a large abomination
 10051 | Abyss:1  | Noticed a bone dragon
 10140 | Abyss:1  | Noticed a tentacled starspawn
 10162 | Abyss:1  | Noticed a starcursed mass
 10174 | Abyss:1  | Paralysed by accursed screaming for 2 turns
 10180 | Abyss:1  | Noticed a red ugly thing
 10180 | Abyss:1  | Noticed a red very ugly thing
 10181 | Abyss:1  | Noticed a red very ugly thing
 10181 | Abyss:1  | Noticed a red ugly thing
 10182 | Abyss:1  | Noticed a red very ugly thing
 10214 | D:11     | Escaped the Abyss
 10214 | D:11     | Slain by Sonja

Illustrated notes

Levels and vault maps discovered:
D:1:      lemuel_arrival_room, layout_loops_ring
D:2:      layout_basic, eat_drink_and_be_merry_uskayaw,
          minmay_indecisive_spiral, uniq_terence, uniq_robin
D:3:      layout_rooms, nicolae_ru_awakened_eye, first_ration, hex_intersection,
          cheibrodos_gnoll_hut
D:4:      layout_loops_ring, minmay_pentomino_pile, uniq_natasha
D:5:      layout_basic, lemuel_coloured_pillars_altar,
          minmay_temple_entry_poolview, serial_rivers,
          chequers_serial_rivers_small_a, chequers_serial_rivers_micro_a,
          chequers_serial_rivers_micro_d, chequers_serial_rivers_small_b,
          chequers_serial_rivers_room_b, chequers_serial_rivers_micro_a,
          minmay_misc_feat_cross, uniq_duvessa
D:6:      layout_basic, marbit_many_paths, serial_shops, shop,
          lightli_orcish_oven
D:7:      cheibrodos_barr_body, layout_gridville
D:8:      layout_cave_pools, david_nohive_1, st_stairs_10
D:9:      minmay_klotski, layout_cross, serial_shops, shop
D:10:     layout_loops_cross, erik_lair_island, muffindrake_ghost_dual_entry,
          lemuel_mausoleum_altar_kikubaaqudgha, uniq_psyche, uniq_fannar,
          uniq_erica
D:11:     layout_loops_ring, orc_0_dummy, serial_shops, nicolae_shop_trees,
          kennysheep_flooded_box, fedhas_altar_4, uniq_maurice, uniq_sonja

Skill      XL: |  1  2  3  4  5  6  7  8  9 10 11 |
---------------+----------------------------------+-----
Shields        | 4 5 6 7 8 10 | 10.7
Maces & Flails | 3 4 5 7 9 10 11 | 11.6
Armour         | 4 5 6 7 8 |  8.0
Fighting       | 4 5 6 7 8 |  8.1

Action                   |  1- 3 |  4- 6 |  7- 9 | 10-12 || total
-------------------------+-------+-------+-------+-------++-------
Melee: Flail             |   416 |   321 |   582 |   546 ||  1865
Invok: Sacrifice Health  |       |       |     1 |       ||     1
       Sacrifice Artific |       |       |     1 |       ||     1
       Sacrifice Essence |       |       |       |     1 ||     1
  Use: Scroll            |     1 |     1 |     2 |     4 ||     8
       Potion            |       |     4 |     1 |     5 ||    10
 Stab: Invisible         |       |       |       |     4 ||     4
       Sleeping          |       |       |       |     5 ||     5
  Eat: Chunk             |     3 |     7 |    13 |     8 ||    31
       Ration            |       |       |       |     2 ||     2
Armor: Scale mail        |   251 |   172 |     4 |       ||   427
       Skin              |       |    14 |       |       ||    14
       Plate armour      |       |       |   416 |   467 ||   883
Dodge: Dodged            |   140 |    84 |    61 |    22 ||   307
Block: Kite shield       |   235 |   173 |   362 |   295 ||  1065
